 Dungeon Crawl Stone Soup version 0.27-a0-1384-g1422d76b99 (webtiles) character file.

Game seed: 1457874274053422281

99 Sobieck the Firebug (level 4, 0/27 HPs)
             Began as an Octopode Fire Elementalist on June 30, 2021.
             Slain by an orc wizard (4 damage)
             ... on level 3 of the Dungeon.
             The game lasted 00:05:51 (3303 turns).

Sobieck the Firebug (Octopode Fire Elementalist)    Turns: 3303, Time: 00:05:52

Health: 0/27       AC:  1    Str:  7    XL:     4   Next: 72%
Magic:  1/8        EV: 13    Int: 18    God:
Gold:   67         SH:  0    Dex: 12    Spells: 7/8 levels left

rFire    . . .     SeeInvis .   (no weapon)
rCold    + . .     Faith    .   (no shield)
rNeg     . . .     Spirit   .   (helmet restricted)
rPois    .         Reflect  .   (no amulet)
rElec    .         Harm     .   f - ring of protection from cold
rCorr    .         Rampage  .   (no ring)
Will     .....                  (no ring)
Stlth    ++........             (no ring)
HPRegen  0.09/turn              (no ring)
MPRegen  0.11/turn              (no ring)
                                (no ring)
                                (no ring)

@: confused
A: almost no armour, amphibious, 8 rings, camouflage 1, gelatinous body 1,
(nimble swimmer 1), tentacles
a: no special abilities


You were on level 3 of the Dungeon.
You visited 1 branch of the dungeon, and saw 4 of its levels.

You collected 112 gold pieces.
You spent 45 gold pieces at shops.


Innate Abilities, Weirdness & Mutations

You cannot wear most types of armour.
You are amphibious.
You can wear up to eight rings at the same time.
Your skin changes colour to match your surroundings (Stealth+).
Your rubbery body absorbs attacks. (AC +1, EV +1)
((You are camouflaged near water. (Stealth+)))
You have tentacles for arms and can constrict up to eight enemies at once.


   Skills:
 + Level 2.8 Dodging
 - Level 2.6 Stealth
 + Level 0.6 Shields
 - Level 0.2 Unarmed Combat
 + Level 2.7 Spellcasting
 + Level 2.1 Conjurations
 + Level 3.6 Fire Magic


You had 7 spell levels left.
You knew the following spells:

 Your Spells              Type           Power      Damage    Failure   Level
a - Foxfire               Conj/Fire      48%        2x1d6     4%          1

Your spell library contained the following spells:

 Spells                   Type           Power      Damage    Failure   Level
 Conjure Flame            Conj/Fire      12%        6-21      16%         3
 Animate Skeleton         Necr           4%         N/A       17%         1
 Apportation              Tloc           4%         N/A       17%         1
 Corona                   Hex            2%         N/A       17%         1
 Summon Small Mammal      Summ           8%         N/A       17%         1
 Inner Flame              Hex/Fire       9%         N/A       24%         3
 Sticky Flame             Conj/Fire      12%        2d4       45%         4
 Fireball                 Conj/Fire      6%         3d5       80%         5

Inventory:

Hand Weapons
 a - a +0 club {mace}
   (You took it off a goblin on level 1 of the Dungeon)
 b - a +0 short sword {short}
   (You took it off a kobold on level 1 of the Dungeon)
 e - a +0 whip {mace}
   (You took it off a kobold on level 1 of the Dungeon)
 i - a +0 dagger {short}
   (You took it off a goblin on level 1 of the Dungeon)
 l - a +0 dagger {short}
   (You took it off a goblin on level 1 of the Dungeon)
 m - a +0 short sword of draining {short}
   (You found it on level 1 of the Dungeon)
 n - a +0 dagger {short}
   (You took it off a goblin on level 1 of the Dungeon)
 o - a +0 club {mace}
   (You took it off a goblin on level 1 of the Dungeon)
 q - a +0 mace {mace}
   (You found it on level 1 of the Dungeon)
 r - a +0 dagger {short}
   (You took it off a goblin on level 1 of the Dungeon)
 v - a +0 dagger {short}
   (You took it off a goblin on level 2 of the Dungeon)
 x - a +0 hand axe {axe}
   (You found it on level 2 of the Dungeon)
 y - a +0 dagger {short}
   (You found it on level 2 of the Dungeon)
 z - a +0 hunting sling {sling}
   (You found it on level 2 of the Dungeon)
 B - a +4 dagger {short}
   (You took it off a goblin on level 2 of the Dungeon)
 C - a +0 hunting sling {sling}
   (You took it off a goblin on level 2 of the Dungeon)
 D - a +0 club {mace}
   (You took it off a goblin on level 2 of the Dungeon)
 E - a +0 dagger {short}
   (You took it off a goblin on level 2 of the Dungeon)
 G - a +0 flail {mace}
   (You found it on level 2 of the Dungeon)
 H - a +0 short sword {short}
   (You took it off a kobold on level 2 of the Dungeon)
 I - a +0 short sword {short}
   (You found it on level 3 of the Dungeon)
 K - a +0 club {mace}
   (You took it off a goblin on level 3 of the Dungeon)
 L - a +0 short sword {short}
   (You took it off a kobold on level 3 of the Dungeon)
 N - a +0 dagger {short}
   (You found it on level 3 of the Dungeon)
Missiles
 c - 68 stones {throwing}
 d - 5 javelins {throwing}
 t - 33 sling bullets
 w - 37 poisoned darts {throwing}
 M - 10 arrows
Armour
 s - a +0 buckler
   (You bought it in a shop on level 2 of the Dungeon)
Jewellery
 f - a ring of protection from cold (left tentacle)
   (You found it on level 1 of the Dungeon)
Scrolls
 g - 2 scrolls of identify {unknown}
 k - a scroll of holy word {unknown}
 p - a scroll of teleportation {unknown}
 u - a scroll of vulnerability {unknown}
 F - a scroll of enchant armour {unknown}
 J - a scroll of noise {unknown}
Potions
 h - 2 potions of attraction {unknown}
 j - a potion of heal wounds {unknown}
 A - 3 potions of degeneration {unknown}

Dungeon Overview and Level Annotations

Branches:
Dungeon (4/15)
 Temple: D:4-7

Altars:

Shops:
D:2 [ D:3

[
##.####........##.#.##.#
#.#..
............#.....#.##.#
###
##.########.#..####.##.#
.# #.#ยง..# #.##.###
#.#.#.###.##.#.#
#.#.#..##......#
..#.##.#####.#.#
###.##.#####.#.#
#..oo@h.....#.#
#..o#o.####.#.# #...##.#
##.#.# #.. .. #....# #o.
#.##....# # #. .##โ€ โ€
..#.# #. ..#......#
#.#...#### #..#.##


You could see an orc wizard, 3 orcs and a jackal.


Message History

You lost 1 mp, and now have 6/8 mp.
You conjure some foxfire!
The foxfire hits the orc.
The orc shouts!
You hear a shout! ๐Ÿ˜Ž MP[-1]
You lost 1 mp, and now have 5/8 mp. 2 jackals come into view.
An orc wizard comes into view. It is wielding a +0 dagger.
The jackal moves out of view.
You conjure some foxfire!
The foxfire hits the orc but does no damage. ๐Ÿ˜Ž MP[-1]
You lost 1 mp, and now have 4/8 mp.
You conjure some foxfire!
The foxfire hits the orc. ๐Ÿ˜Ž MP[-1]
You lost 1 mp, and now have 3/8 mp.
You conjure some foxfire!
The foxfire hits the orc but does no damage.
The foxfire hits the orc.
The orc hits you with a +0 dagger. ๐Ÿ˜• HP[-3]
You take 3 damage, and now have 24/27 hp.
You conjure some foxfire!
The foxfire hits the orc.
The foxfire hits the jackal.
The jackal bites you.
The orc hits you with a +0 dagger. ๐Ÿ˜ฎ HP[-5] MP[-1]
You take 5 damage, and now have 19/27 hp.
You lost 1 mp, and now have 2/8 mp.
You are too injured to fight recklessly!
You are too injured to fight recklessly!
You are too injured to fight recklessly!
Unknown command.
Casting: Foxfire (safe; 4% risk of failure)
Confirm with . or Enter, or press ? or * to list all spells.
You conjure some foxfire!
The foxfire hits the orc.
The jackal bites you. x2 ๐Ÿ˜ฎ HP[-3] MP[-1]
You take 3 damage, and now have 16/27 hp.
You lost 1 mp, and now have 1/8 mp.
Casting: Foxfire (safe; 4% risk of failure)
Confirm with . or Enter, or press ? or * to list all spells.
You miscast Foxfire.
You are very lightly contaminated with residual magic.
Nothing appears to happen.
The foxfire hits the jackal but does no damage.
The foxfire hits the orc wizard.
An orc comes into view. It is wielding a +0 whip.
The jackal closely misses you.
An orc comes into view.
It is wielding a +0 hand axe. ๐Ÿ˜ฎ MP[-1]
You lost 1 mp, and now have 0/8 mp.
You completely miss the orc wizard.
The orc shouts! x2
Your grab misses the orc wizard. Your squeeze misses the orc wizard.
The jackal bites you. The orc wizard misses you. ๐Ÿ˜ฎ HP[-1]
You take 1 damage, and now have 15/27 hp.
You barely miss the orc wizard. You grab the orc wizard.
You squeeze the orc wizard.
You constrict the orc wizard, but do no damage.
The jackal closely misses you.
The orc wizard struggles to escape constriction.
The jackal barely misses you. ๐Ÿ˜ฎ HP[+1] Unknown command.
You tentacle-slap the orc wizard but do no damage.
You constrict the orc wizard. The jackal completely misses you.
The orc wizard hits you with a +0 dagger.
* * * LOW HITPOINT WARNING * * *
๐Ÿ˜จ HP[-3]
You take 3 damage, and now have 13/27 hp.
Unknown command.
You tentacle-slap the orc wizard but do no damage.
You constrict the orc wizard. The jackal bites you.
* * * LOW HITPOINT WARNING * * *
The orc wizard struggles to escape constriction.
The jackal bites you but does no damage. ๐Ÿ˜จ HP[-2]
You take 2 damage, and now have 11/27 hp.
Unknown command.
You tentacle-slap the orc wizard but do no damage.
You constrict the orc wizard, but do no damage.
The orc wizard escapes!
The jackal barely misses you.
An orc comes into view. It is wielding a +0 short sword.
The jackal bites you.
* * * LOW HITPOINT WARNING * * *
The orc wizard points at you and mumbles some strange words.
You are confused.
The orc hits you with a +0 whip.
* * * LOW HITPOINT WARNING * * *
Your magical contamination has completely faded away. ๐Ÿ˜ฑ HP[-5] MP[+1]
You take 5 damage, and now have 6/27 hp.
The jackal bites you.
* * * LOW HITPOINT WARNING * * *
The orc wizard misses you. The orc hits you with a +0 whip.
* * * LOW HITPOINT WARNING * * *
The jackal completely misses you. ๐Ÿ˜ฑ HP[-2]
You take 2 damage, and now have 4/27 hp.
You miss the jackal. The jackal barely misses you.
The orc wizard hits you with a +0 dagger.
You die...

Skill      XL: |  1  2  3  4 |
---------------+-------------+-----
Conjurations   | 2 |  2.1
Dodging        | |  2.8
Stealth        | |  2.6
Shields        | |  0.6
Unarmed Combat | |  0.2
Spellcasting   | |  2.7
Fire Magic     | |  3.6

Action                   |  1- 3 |  4- 6 || total
-------------------------+-------+-------++-------
Melee: Unarmed           |    51 |    24 ||    75
       Constrict         |    18 |     5 ||    23
       Tentacles         |    13 |     8 ||    21
 Cast: Foxfire           |    55 |    53 ||   108
 Stab: Sleeping          |     2 |       ||     2
       Distracted        |     1 |       ||     1
Armor: Skin              |     8 |     2 ||    10
Dodge: Dodged            |    57 |    29 ||    86

Levels and vault maps discovered:
D:1:      zelgadis_glass_arrival_large, layout_loops_cross
D:2:      minmay_roachtagon, layout_rooms, serial_shops, shop,
          chequers_ecumenical_altar_simple
D:3:      layout_basic, serial_shops, shop, kennysheep_generic_room_11
D:4:      layout_gridville, uniq_robin, uniq_duvessa

Notes
Turn   | Place    | Note
-------+----------+-------------------------------------------
     0 | D:1      | Sobieck the Octopode Fire Elementalist began the quest for
                  | the Orb.
     0 | D:1      | Reached XP level 1. HP: 11/11 MP: 3/3
     0 | D:1      | magus.rc [v1.9.6]
   406 | D:1      | Reached XP level 2. HP: 8/17 MP: 5/5
  1631 | D:2      | Reached XP level 3. HP: 21/21 MP: 2/6
  1774 | D:2      | Found a faded altar of an unknown god.
  1968 | D:2      | You pick up a book of Cantrips and begin reading...
  1968 | D:2      | You add the spells Corona, Animate Skeleton, Summon Small
                  | Mammal and Apportation to your library.
  1990 | D:2      | Reached XP level 4. HP: 15/27 MP: 3/7
  2140 | D:2      | Found Ulumeidu's Armour Emporium.
  2150 | D:2      | Bought a +0 buckler for 45 gold pieces
  2268 | D:2      | Reached skill level 2 in Conjurations
  3182 | D:3      | Found Zunare's Antique Armour Boutique.
  3301 | D:3      | HP: 6/27 [orc (2)]
  3303 | D:3      | Slain by an orc wizard

Vanquished Creatures
  3 adders
  7 ball pythons
  5 bats
  4 endoplasms
  10 giant cockroaches (D:2)
  5 hobgoblins
  3 jackals (D:3)
  4 kobolds
  2 quokkas (D:3)
  4 frilled lizards
  11 goblins
  6 rats
64 creatures vanquished.

Vanquished Creatures (others)
  172 foxfires
172 creatures vanquished.

Grand Total: 236 creatures vanquished

Table legend:
 A = Non-vault XP
 B = Vault XP
 C = Vault XP percentage of total XP
 D = Non-vault monster count
 E = Vault monster count
 F = Vault count percentage of total count
                 A         B        C        D         E       F
            +---------+---------+-------+---------+---------+-------
      Total |     122 |      20 |  14.1 |      54 |      10 |  15.6
            +---------+---------+-------+---------+---------+-------
        D:1 |      26 |       0 |   0.0 |      16 |       0 |   0.0
        D:2 |      57 |      20 |  26.0 |      21 |      10 |  32.3
        D:3 |      39 |       0 |   0.0 |      17 |       0 |   0.0
            +---------+---------+-------+---------+---------+-------

Illustrated notes

Table legend:
 A = Kills in this place as a percentage of kills in entire the game.
 B = Kills by you in this place as a percentage of kills by you in the entire game.
 C = Kills by friends in this place as a percentage of kills by friends in the entire game.
 D = Other kills in this place as a percentage of other kills in the entire game.
 E = Experience gained in this place as a percentage of experience gained in the entire game.
 F = Experience gained in this place divided by the number of levels of this place that you have seen.
                   A       B       C       D       E      F
               +-------+-------+-------+-------+-------+----------------------
         Total | 100.0 | 100.0 |   N/A |   N/A | 100.0 |  35.5
       Dungeon | 100.0 | 100.0 |   N/A |   N/A | 100.0 |  35.5
               +-------+-------+-------+-------+-------+----------------------

Table legend: (Time is in decaauts)
 A = Elapsed time spent in this place.
 B = Non-inter-level travel time spent in this place.
 C = Inter-level travel time spent in this place.
 D = Time resting spent in this place.
 E = Time spent auto-exploring this place.
 F = Levels seen in this place.
 G = Mean time per level.
                   A        B        C        D        E       F      G
               +--------+--------+--------+--------+--------+-----+--------+
         Total |   3309 |   3162 |    147 |    900 |   1801 |   4 |  827.2 |
       Dungeon |   3309 |   3162 |    147 |    900 |   1801 |   4 |  827.2 |
               +--------+--------+--------+--------+--------+-----+--------+

Top non-repeatable levels by time:
     D:1: 1526 daAuts
     D:2: 1261 daAuts
     D:3: 520 daAuts
     D:4: 1 daAuts
